 Dungeon Crawl Stone Soup version 0.20-a0-513-g02c11fc (webtiles) character file.

1814 KristoblXynda the Covert (level 8, -14/36 HPs)
             Began as a Spriggan Earth Elementalist on Jan 23, 2017.
             Killed by divine providence
             ... invoked by an orc priest
              (17 damage)
             ... on level 5 of the Dungeon.
             The game lasted 00:27:11 (9103 turns).

KristoblXynda the Covert (SpEE)                     Turns: 9103, Time: 00:27:12

Health: -14/36     AC:  4    Str:  5    XL:     8   Next: 84%
Magic:  3/14       EV: 19    Int: 20    God:
Gold:   302        SH:  0    Dex: 17    Spells: 6/13 levels left

rFire    . . .     SeeInvis +   a - +0 dagger (freeze)
rCold    . . .     Gourm    .   c - +1 robe
rNeg     + . .     Faith    .   (shield restricted)
rPois    .         Spirit   .   (helmet restricted)
rElec    .         Reflect  .   i - +0 cloak
rCorr    .         Harm     .   (gloves unavailable)
MR       +....                  (boots unavailable)
Stlth    +++++.....             (no amulet)
Regen    0.2/turn               d - +3 ring of intelligence
                                m - ring of positive energy

@: very quick
A: unfitting armour, see invisible, herbivore 3, speed 3, slow metabolism 2
a: no special abilities


You were on level 5 of the Dungeon.
You were very hungry.

You visited 1 branch of the dungeon, and saw 5 of its levels.
You also visited: Ossuary.

You collected 302 gold pieces.

Inventory:

Hand Weapons
 a - a +0 dagger of freezing (weapon)
Armour
 c - a +1 robe (worn)
 i - a +0 cloak (worn)
Jewellery
 d - a +3 ring of intelligence (right hand)
 m - a ring of positive energy (left hand)
Wands
 q - a wand of iceblast (1/15)
Scrolls
 h - a scroll of teleportation
 o - 2 scrolls of remove curse
 p - a scroll of amnesia
Potions
 b - 2 potions of brilliance
 f - a potion of flight
 l - 2 potions of haste
Books
 e - a book of Geomancy

   Spells                             Type                      Level
   a - Sandblast                      Earth                        1
   b - Passwall                       Transmutation/Earth          2
   c - Stone Arrow                    Conjuration/Earth            3
   d - Petrify                        Transmutation/Earth          4
   e - Lee's Rapid Deconstruction     Earth                        5
Comestibles
 g - a bread ration


   Skills:
 - Level 3.2 Short Blades
 + Level 3.5 Dodging
 + Level 10.8 Stealth
 - Level 3.4 Spellcasting
 + Level 3.1 Conjurations
 - Level 5.3 Transmutations
 - Level 5.1 Earth Magic
 - Level 4.0 Evocations


You had 6 spell levels left.
You knew the following spells:

 Your Spells              Type           Power        Failure   Level  Hunger
a - Stone Arrow           Conj/Erth      ###...       10%         3    ###....
b - Petrify               Tmut/Erth      ###.....     17%         4    ####...


Dungeon Overview and Level Annotations

Branches:
Dungeon (5/15)
 Temple: D:4-7

Altars:
Gozag

Annotations:
D:5 Vidiiot's ghost, novice HOFi


Innate Abilities, Weirdness & Mutations

You are very small and have problems with some larger weapons.
You are too small for most types of armour.
You have supernaturally acute eyesight. (SInv)
You are a herbivore.
You cover ground extremely quickly.
You need consume almost no food.


Message History

The orc wizard barely misses you.
The orc priest mumbles some strange prayers to Beogh against you.
Beogh smites you!
The orc priest shouts!
The orc priest calls upon Beogh to heal the orc priest.
The orc priest is healed somewhat.
You see here a bread ration.
g - a bread ration The orc priest looks encouraged for a moment.
The orc priest calls down the wrath of Beogh upon you.
Beogh smites you!
* * * LOW HITPOINT WARNING * * *
The orc wizard gestures at you while chanting.
The magic dart hits you!
* * * LOW HITPOINT WARNING * * *
The orc wizard casts a spell.
The orc wizard seems to speed up.
The orc priest mumbles some strange prayers to Beogh against you.
Beogh smites you!
You die...

..# #...........................
..# ##).........................
..####.)..o......................
......##..o..................)...
#...####...oo....................
#)..# ##..o.....................
....## #........................
.....# ##...............(.......
####.# ##.....@................ #
#.# #...................... #
#.## ##....................#
#..####..................## #
#..###.................## ##
#...##.................# .##
#......................##
..####....##...........)....## #
##......# ##..............######


You could see 2 orc priests and 3 orc wizards.

Vanquished Creatures
  Menkaure (D:4)
  Purgy (D:4)
  A phantom (D:4)
  4 ogres
  A centaur (D:5)
  An elf zombie (Ossuary)
  A water moccasin zombie (D:5)
  A scorpion (D:5)
  2 howler monkeys (D:4)
  2 human zombies (Ossuary)
  2 jellies
  2 orc priests (D:4)
  2 orc wizards
  A centaur skeleton (D:4)
  A hound (D:4)
  2 iguanas (D:4)
  4 worker ants
  3 big kobold zombies (Ossuary)
  A hound zombie (Ossuary)
  3 mummies (Ossuary)
  Robin (D:4)
  6 gnolls
  A howler monkey skeleton (D:5)
  6 adders
  An ooze (D:1)
  3 adder zombies (Ossuary)
  An adder skeleton (D:3)
  2 worms (D:2)
  2 dart slugs
  3 leopard geckos
  18 orcs
  2 ball pythons
  10 bats
  A giant cockroach (D:1)
  12 goblins
  8 hobgoblins
  8 jackals
  2 quokkas
  A ball python skeleton (D:4)
  5 frilled lizards
  A gnoll zombie (Ossuary)
  6 goblin zombies (Ossuary)
  2 hobgoblin zombies (Ossuary)
  2 jackal zombies (Ossuary)
  3 kobolds (D:1)
  3 kobold zombies (Ossuary)
  3 orc zombies (Ossuary)
  5 quokka zombies (Ossuary)
  7 rats
  3 rat zombies (Ossuary)
164 creatures vanquished.

Notes
Turn   | Place    | Note
-------+----------+-------------------------------------------
     0 | D:1      | KristoblXynda the Spriggan Earth Elementalist began the quest for the Orb.
     0 | D:1      | Reached XP level 1. HP: 9/9 MP: 5/5
   281 | D:1      | Reached XP level 2. HP: 13/13 MP: 7/7
   819 | D:1      | Reached skill level 4 in Stealth
  1135 | D:2      | Reached XP level 3. HP: 13/16 MP: 2/8
  1509 | D:2      | Reached skill level 1 in Short Blades
  1509 | D:2      | Reached XP level 4. HP: 21/21 MP: 6/10
  1595 | D:2      | Learned a level 4 spell: Petrify
  1603 | D:2      | Found an opulent altar of Gozag.
  1823 | D:2      | Reached skill level 5 in Stealth
  2161 | D:3      | Reached XP level 5. HP: 24/24 MP: 3/11
  2743 | D:4      | Noticed Robin
  2779 | D:4      | Noticed Menkaure
  2793 | D:4      | Killed Menkaure
  2793 | D:4      | Reached skill level 6 in Stealth
  2793 | D:4      | Reached XP level 6. HP: 28/28 MP: 4/12
  2825 | D:4      | Found a sand-covered staircase.
  2832 | Ossuary  | Entered an ossuary
  3695 | Ossuary  | Reached skill level 7 in Stealth
  3895 | Ossuary  | Reached XP level 7. HP: 32/32 MP: 1/13
  4235 | D:4      | Reached skill level 5 in Earth Magic
  4416 | D:4      | Reached skill level 5 in Transmutations
  4702 | D:4      | Reached skill level 8 in Stealth
  5427 | D:4      | HP: 1/32 [gnoll (6)]
  5739 | D:4      | Learned a level 3 spell: Stone Arrow
  6157 | D:4      | Killed Robin
  6212 | D:4      | Noticed Purgy
  6374 | D:4      | Reached skill level 1 in Conjurations
  6562 | D:4      | Killed Purgy
  6562 | D:4      | Reached skill level 9 in Stealth
  6562 | D:4      | Reached XP level 8. HP: 30/36 MP: 1/14
  6886 | D:4      | Reached skill level 1 in Evocations
  7367 | D:5      | Entered Level 5 of the Dungeon
  7389 | D:5      | Noticed Vidiiot's ghost (novice HOFi)
  7928 | D:4      | Reached skill level 10 in Stealth
  9103 | D:5      | Killed from afar by an orc priest

Vault maps used:
D:1:      mainiacjoe_arrival_reflecting_pool
D:2:      lemuel_crystal_altar
D:3:      minmay_misc_feat_tower, kennysheep_generic_room_2
D:4:      nicolae_ossuary_entry_plus, uniq_menkaure, uniq_purgy, uniq_robin
D:5:      first_bread, kennysheep_generic_room_15
Ossuary:  minmay_ossuary_two_tombs

Skill      XL: |  1  2  3  4  5  6  7  8 |
---------------+-------------------------+-----
Spellcasting   | 3 |  3.4
Earth Magic    | 3 4 5 |  5.1
Stealth        | 4 5 6 7 9 10 | 10.8
Short Blades   | 1 2 3 |  3.2
Transmutations | 2 3 4 5 |  5.3
Conjurations   | 1 3 |  3.1
Evocations     | 4 |  4.0
Dodging        | |  3.5

Action                   |  1- 3 |  4- 6 |  7- 9 || total
-------------------------+-------+-------+-------++-------
Melee: Dagger            |    71 |   207 |   474 ||   752
 Cast: Sandblast         |    20 |    24 |       ||    44
       Petrify           |       |     3 |    28 ||    31
       Stone Arrow       |       |       |    45 ||    45
Evoke: Wand              |       |       |     2 ||     2
  Use: Scroll            |     5 |     4 |     9 ||    18
       Potion            |       |     2 |     4 ||     6
 Stab: Sleeping          |    13 |    10 |     2 ||    25
       Petrified         |       |     3 |    21 ||    24
       Petrifying        |       |       |     1 ||     1
  Eat: Bread ration      |       |     1 |     2 ||     3
Armor: Robe              |    13 |    26 |    34 ||    73
Dodge: Dodged            |    75 |   208 |   366 ||   649
